 Dungeon Crawl Stone Soup version 0.23.2-40-g277498a001 (webtiles) character file.

Game seed: 14753855830522912966

41 Hylith the Digger (level 3, -2/19 HPs)
             Began as a Gargoyle Earth Elementalist on Aug 13, 2019.
             Slain by a goblin
             ... wielding a +0 war axe
             ... led by Robin
              (10 damage)
             ... on level 2 of the Dungeon.
             The game lasted 00:01:50 (1435 turns).

Hylith the Digger (Gargoyle Earth Elementalist)     Turns: 1435, Time: 00:01:50

Health: -2/19      AC:  5    Str: 11    XL:     3   Next: 52%
Magic:  4/6        EV: 12    Int: 16    God:
Gold:   16         SH:  0    Dex: 10    Spells: 3/7 levels left

rFire    . . .     SeeInvis .   a - +0 whip (venom)
rCold    . . .     Gourm    .   (no shield)
rNeg     + . .     Faith    .   c - +0 robe
rPois    ∞         Spirit   .   (no helmet)
rElec    +         Reflect  .   (no cloak)
rCorr    .         Harm     .   (no gloves)
MR       .....                  (no boots)
Stlth    ++........             (no amulet)
HPRegen  0.06/turn              (no ring)
MPRegen  0.10/turn              (no ring)

@: no status effects
A: negative energy resistance 1, electricity resistance, unbreathing,
petrification resistance, rot immunity, AC +3
a: no special abilities


You were on level 2 of the Dungeon.
You were hungry.

You visited 1 branch of the dungeon, and saw 2 of its levels.

You collected 16 gold pieces.

Inventory:

Hand Weapons
 a - a +0 whip of venom (weapon)
Missiles
 b - 78 stones (quivered)
Armour
 c - a +0 robe (worn)
Jewellery
 i - an uncursed ring of ice
Scrolls
 f - a scroll of random uselessness {unknown}
 g - 2 scrolls of identify {unknown}
 h - a scroll of enchant weapon {unknown}
Potions
 e - 2 potions of heal wounds {unknown}
 j - a potion of might {unknown}
 k - a potion of lignification {unknown}
 l - a potion of degeneration {unknown}
Comestibles
 d - 2 rations


   Skills:
 - Level 1.0 Maces & Flails
 - Level 2.0 Dodging
 - Level 2.1 Stealth
 + Level 2.6 Spellcasting
   Level 0.7 Transmutations
 + Level 4.2 Earth Magic


You had 3 spell levels left.
You knew the following spells:

 Your Spells              Type           Power        Failure   Level  Hunger
a - Sandblast             Erth           ###...       3%          1    #......
b - Stone Arrow           Conj/Erth      #.....       24%         3    ###....

Your spell library contained the following spells:

 Spells                   Type           Power        Failure   Level  Hunger
 Passwall                 Tmut/Erth      ##......     11%         2    ##.....
 Petrify                  Tmut/Erth      ##......     56%         4    #####..
 Lee's Rapid Deconstruct  Erth           ###.......   67%         5    ######.


Dungeon Overview and Level Annotations

Branches:
Dungeon (2/15)

Altars:

Annotations:
D:2 Robin


Innate Abilities, Weirdness & Mutations

You are resistant to torment.
Your stone body is resilient. (AC +3)
You are immune to poison.
You resist negative energy. (rN+)
You are resistant to electric shocks. (rElec)
You can survive without breathing.
You are immune to petrification.
You are immune to rotting.


Message History

Casting: Sandblast (safe; 3% risk of failure)
Confirm with . or Enter, or press ? or * to list all spells.
Okay, then.
A bat, a goblin and a hobgoblin come into view.
The hobgoblin shouts!
The goblin shouts!
Robin hits you with a +5 club.
You barely miss Robin.
Robin is almost dead.
Robin throws the goblin at you!
You barely miss Robin.
Robin is almost dead.
The goblin barely misses you. Robin closely misses you.
The hobgoblin hits you with a cursed -3 club.
You are too injured to fight recklessly!
You barely miss Robin.
Robin is almost dead.
The goblin shouts!
The goblin hits you with a +0 war axe!
Ouch! That really hurt!
You die...

####.## ##....#
####### ......#
#.....# ##.#..#
#.###.#
......########.#
#.#
##.............#
#)#
#####..#########
#.######
#####..#
#########......#
.......#
.....bg@g#####.#
######.#
.....gg#.#
######.#
.....gg#.#
.......#
.......#.#
.####..#
....g..#.# .#
#..# .......#.#
<# ...#
.........# .#
##.## #####.####
.# #.#


You could see Robin, 3 hobgoblins, 3 goblins and a bat.

Vanquished Creatures
  2 dart slugs (D:1)
  2 leopard geckos (D:1)
  7 goblins
  5 hobgoblins
  4 jackals (D:1)
  3 kobolds (D:1)
  2 bats (D:1)
  2 frilled lizards (D:1)
  4 rats
31 creatures vanquished.

Notes
Turn   | Place    | Note
-------+----------+-------------------------------------------
     0 | D:1      | Hylith the Gargoyle Earth Elementalist began the quest for
                  | the Orb.
     0 | D:1      | Reached XP level 1. HP: 10/10 MP: 3/3
    51 | D:1      | Reached XP level 2. HP: 6/15 MP: 5/5
   486 | D:1      | Reached skill level 4 in Earth Magic
   503 | D:1      | Reached XP level 3. HP: 6/19 MP: 6/6
  1098 | D:1      | Reached skill level 1 in Maces & Flails
  1342 | D:2      | Learned a level 3 spell: Stone Arrow
  1427 | D:2      | Noticed Robin
  1435 | D:2      | Slain by a goblin

Skill      XL: |  1  2  3 |
---------------+----------+-----
Earth Magic    | 4 |  4.2
Dodging        | 2 |  2.0
Maces & Flails | 1 |  1.0
Stealth        | |  2.1
Spellcasting   | |  2.6
Transmutations | |  0.7

Action                   || total
-------------------------++-------
Melee: Whip              ||   125
 Cast: Sandblast         ||     4
 Stab: Sleeping          ||     1
  Eat: Chunk             ||     1
Armor: Robe              ||    32
Dodge: Dodged            ||    84
